 Dungeon Crawl Stone Soup version 0.17-a0-670-g5d95ebd (webtiles) character file.

653 barthelme the Ducker (level 7, -7/68 HPs)
             Began as a Troll Berserker on Apr 18, 2015.
             Was a Priest of Trog.
             Mangled by wotan's ghost (13 damage)
             ... on level 5 of the Dungeon.
             The game lasted 00:25:11 (3735 turns).

barthelme the Ducker (Troll Berserker)              Turns: 3735, Time: 00:25:11

Health: -7/68      AC:  5    Str: 33    XL:     7   Next: 28%
Magic:  6/6        EV: 11    Int:  3    God:    Trog [***...]
Gold:   193        SH:  0    Dex:  9    Spells: 0 memorised, 6 levels left

rFire  . . .     SeeInvis .     a - +0 hand axe
rCold  + . .     Clarity  .     b - +0 animal skin
rNeg   . . .     SustAb   .     (no shield)
rPois  .         Gourm    +     (helmet restricted)
rElec  .         Spirit   .     (no cloak)
rCorr  .         Warding  .     (gloves unavailable)
rMut   .         Stasis   .     (boots unavailable)
MR     .....                    (no amulet)
Stlth  +.........               j - ring of ice
                                m - ring of protection from fire

@: mighty, exhausted, slowed, very slow, not resistant to hostile enchantments,
very unstealthy
A: unfitting armour, claws 3, fast metabolism 3, gourmand, regeneration 2,
shaggy fur 1, tough skin 2
a: Burn Spellbooks, Berserk, Trog's Hand, Renounce Religion


You were on level 5 of the Dungeon.
You worshipped Trog.
Trog was most pleased with you.
You were not hungry.

You visited 1 branch of the dungeon, and saw 5 of its levels.

You collected 193 gold pieces.

Inventory:

Hand weapons
 a - a +0 hand axe (weapon)
Armour
 b - a +0 animal skin (worn)
 g - a +0 hat
Jewellery
 j - a ring of ice (right claw)
 m - a ring of protection from fire (left claw)
 x - an uncursed ring of fire
 y - a cursed amulet of guardian spirit {unknown}
Magical devices
 f - a wand of digging (16)
 s - a wand of flame (42)
Scrolls
 e - 4 scrolls of remove curse
 h - a scroll of blinking
 l - a scroll of amnesia {unknown}
 o - a scroll of noise
 p - a scroll of fog {unknown}
 u - a scroll of recharging
 A - a scroll of random uselessness {unknown}
Potions
 d - 2 potions of brilliance
 i - 2 potions of curing
 k - a potion of haste
 q - a potion of poison {unknown}
 r - a potion of lignification {unknown}
 t - a potion of heal wounds {unknown}
 v - a potion of might
 z - a potion of flight {unknown}
Comestibles
 c - 4 bread rations
 n - 18 fruits
 w - a beef jerky


   Skills:
 + Level 3.8 Fighting
 + Level 3.9 Axes
 + Level 5.6 Dodging
 - Level 0.1 Stealth


You had 6 spell levels left.
You didn't know any spells.

Dungeon Overview and Level Annotations

Branches:
Dungeon (5/15)             Temple (0/1) D:5

Altars:
Cheibriados

Annotations:
D:5 wotan's ghost, experienced MiBe


Innate Abilities, Weirdness & Mutations

You are too large for most types of armour.
You have claws for hands.
Your metabolism is lightning-fast.
You like to eat raw meat.
You heal very quickly.
You are covered in fur (AC +1).
You have very tough skin (AC +2).


Message History

Wotan's ghost barely misses you.
You slash wotan's ghost!
Wotan's ghost is almost destroyed.
Wotan's ghost hits you!
* * * LOW HITPOINT WARNING * * *
Use which ability? (? or * to list) You're too exhausted to go berserk.
You hit wotan's ghost.
Wotan's ghost is almost destroyed.
Wotan's ghost hits you!
* * * LOW HITPOINT WARNING * * *
Wotan's ghost closely misses you.
You barely miss wotan's ghost.
Wotan's ghost is almost destroyed.
Wotan's ghost hits you.
* * * LOW HITPOINT WARNING * * *
Wotan's ghost hits you.
* * * LOW HITPOINT WARNING * * *
Wotan's ghost hits you!
You die...

##........# ##.#######
#.# #.# #.#
#######.#######
########.............#
#........#####.#####.#
#.######.# ##.@.## #.#
####.# #..W..# #.#
##### #....# ##...##
#.###...# #.##.# ##.##
#.....#.# #.##.# #.#
#####...### #.###.##.#
#.# #.....# #........#
##'## #..##.#
#####.#### ##...##
#...#.# ####.#
##.....## #.#.#.#


You could see wotan's ghost.

Vanquished Creatures
  Grinder (D:4)
  An ogre (D:4)
  Blork the orc (D:4)
  A centaur skeleton (D:4)
  2 hounds
  Natasha (twice) (D:3)
  2 worker ants
  5 adders
  3 oozes
  An adder skeleton (D:4)
  A worm (D:3)
  4 giant geckos
  A ball python (D:2)
  6 giant cockroaches
  7 goblins
  5 hobgoblins
  10 jackals
  4 kobolds
  5 bats
  7 giant newts
  14 rats
83 creatures vanquished.

Notes
Turn   | Place    | Note
--------------------------------------------------------------
     0 | D:1      | barthelme, the Troll Berserker, began the quest for the Orb.
     0 | D:1      | Reached XP level 1. HP: 22/22 MP: 0/0
   183 | D:1      | Reached XP level 2. HP: 29/29 MP: 1/1
   670 | D:2      | Acquired Trog's second power
   714 | D:2      | Found a snail-covered altar of Cheibriados.
   790 | D:2      | Reached XP level 3. HP: 32/36 MP: 2/2
  1086 | D:3      | Reached skill level 3 in Axes
  1086 | D:3      | Reached XP level 4. HP: 39/44 MP: 3/3
  1792 | D:3      | Noticed Natasha
  1797 | D:3      | Killed Natasha
  1797 | D:3      | Reached XP level 5. HP: 52/52 MP: 4/4
  1940 | D:3      | Noticed Natasha
  1949 | D:3      | Killed Natasha
  2090 | D:4      | Reached skill level 4 in Dodging
  2316 | D:4      | Noticed an ogre
  2328 | D:4      | Killed an ogre
  2328 | D:4      | Reached XP level 6. HP: 39/61 MP: 5/5
  2423 | D:4      | Noticed Blork the orc
  2433 | D:4      | Killed Blork the orc
  2838 | D:4      | Noticed Grinder
  2860 | D:4      | Killed Grinder
  2860 | D:4      | Reached skill level 5 in Dodging
  2860 | D:4      | Reached XP level 7. HP: 68/68 MP: 6/6
  3211 | D:5      | Entered Level 5 of the Dungeon
  3479 | D:5      | Found a staircase to the Ecumenical Temple.
  3697 | D:5      | Noticed wotan's ghost (experienced MiBe)
  3735 | D:5      | Mangled by wotan's ghost

Action                   |  1- 3 |  4- 6 |  7- 9 || total
-------------------------+-------+-------+-------++-------
Melee: Hand axe          |    93 |   159 |    75 ||   327
Invok: Berserk           |       |     4 |     1 ||     5
       Trog's Hand       |       |     1 |     1 ||     2
       Burn Spellbooks   |       |     1 |       ||     1
  Use: Scroll            |       |     7 |     1 ||     8
       Potion            |       |     3 |     1 ||     4
  Eat: Chunk             |    11 |    20 |     9 ||    40
